 Dungeon Crawl Stone Soup version 0.30-a0-782-ge64f9170bb (webtiles) character file.

Game seed: 2920153486312848464

2531 Crownlay the Skirmisher (level 9, -1/45 HPs)
             Began as a Spriggan Hunter on Feb 27, 2023.
             Shot with an arrow by a centaur (10 damage)
             ... on level 7 of the Dungeon.
             The game lasted 00:11:15 (5337 turns).

Crownlay the Skirmisher (Spriggan Hunter)           Turns: 5337, Time: 00:11:16

Health: -1/45      AC:  5    Str:  7    XL:     9   Next: 30%
Magic:  10/10      EV: 20    Int: 10    God:
Gold:   434        SH:  5    Dex: 23    Spells: 8/8 levels left

rFire   . . .      SeeInvis +    a - +0 shortbow
rCold   . . .      Faith    .    (shield currently unavailable)
rNeg    . . .      Spirit   .    c - +0 robe
rPois   .          Reflect  +    l - +2 hat
rElec   .          Harm     .    n - +0 cloak
rCorr   .          Rampage  .    (gloves unavailable)
Will    +....                    (boots unavailable)
Stlth   +++++                    o - amulet of reflection
HPRegen 0.27/turn                (no ring)
MPRegen 0.12/turn                (no ring)

@: very quick
A: very small, no large weapons, unfitting armour, see invisible, speed 3
a: no special abilities


You were on level 7 of the Dungeon.
You visited 1 branch of the dungeon, and saw 7 of its levels.

You collected 434 gold pieces.

Inventory:

Hand Weapons
 a - a +0 shortbow (weapon)
 w - a +0 antimagic trident
Missiles
 t - a throwing net
Armour
 c - a +0 robe (worn)
 g - a scarf of shadows
 l - a +2 hat (worn)
 n - a +0 cloak (worn)
Jewellery
 o - an amulet of reflection (around neck)
Wands
 r - a wand of mindburst (10)
 z - a wand of flame (25)
Scrolls
 b - a scroll of immolation
 e - a scroll of noise
 f - 3 scrolls of teleportation
 k - 4 scrolls of poison
 q - 2 scrolls of torment
 v - 3 scrolls of fear
 y - a scroll of identify
Potions
 d - a potion of mutation {unknown}
 h - 4 potions of heal wounds
 i - 2 potions of lignification {unknown}
 j - 2 potions of curing
 m - a potion of brilliance {unknown}
 p - a potion of cancellation {unknown}
 s - a potion of flight {unknown}
 u - a potion of attraction {unknown}
 x - a potion of berserk rage {unknown}


   Skills:
 - Level 4.0 Fighting
 * Level 10.9 Ranged Weapons
 - Level 4.0 Dodging
 - Level 9.0 Stealth


You had 8 spell levels left.
You didn't know any spells.
Your spell library contained the following spells:

 Spells                   Type           Power      Damage    Failure   Level
 Sandblast                Erth           0%         2d4       36%         1
 Summon Small Mammal      Summ           0%         N/A       36%         1
 Cigotuvi's Dreadful Rot  Necr/Pois/Air  0%         N/A       50%         2
 Passwall                 Tmut/Erth      0%         N/A       50%         2
 Poisonous Vapours        Pois/Air       0%         N/A       50%         2
 Call Canine Familiar     Summ           0%         N/A       75%         3
 Mephitic Cloud           Conj/Pois/Air  0%         N/A       75%         3
 Stone Arrow              Conj/Erth      0%         3d7       75%         3
 Summon Guardian Golem    Hex/Summ       0%         N/A       75%         3
 Animate Dead             Necr           0%         N/A       98%         4
 Haunt                    Necr/Summ      0%         N/A       100%        7
 Infestation              Necr           0%         N/A       100%        8


Dungeon Overview and Level Annotations

Branches:
Dungeon (7/15)
 Temple: D:4-7

Altars:
Kikubaaqudgha
Ru
Trog
Zin


Innate Abilities, Weirdness & Mutations

You are very small and have problems with some larger weapons.
You are too small for most types of armour.
You have supernaturally acute eyesight. (SInv)
You cover ground extremely quickly. (Speed+++)


Message History

You shoot an arrow. The arrow hits the centaur!
The centaur is severely wounded.
The centaur shoots an arrow.
The arrow closely misses you.
You shoot an arrow. The arrow hits the centaur.
The centaur is severely wounded.
The centaur wields a +0 shortbow.
The centaur shoots an arrow.
You reflect the arrow off an invisible shield around you!
The arrow closely misses the centaur.
The centaur shoots an arrow.
The arrow completely misses you.
The centaur shoots an arrow.
The arrow hits you but does no damage.
The centaur shoots an arrow.
The arrow hits you.
The centaur shoots an arrow.
The arrow hits you!
You shoot an arrow. The arrow hits the centaur!
You kill the centaur!
The centaur shoots an arrow.
You reflect the arrow off an invisible shield around you!
The arrow hits the centaur!
The centaur shoots an arrow.
The arrow misses you.
The centaur shoots an arrow.
The arrow hits you.
You shoot an arrow.
The arrow hits the centaur but does no damage.
The centaur is heavily wounded.
The centaur shoots an arrow.
The arrow hits you.
The centaur shoots an arrow.
The arrow closely misses you.
The centaur shoots an arrow.
The arrow misses you.
The centaur shoots an arrow.
The arrow misses you.
You are too injured to fight recklessly!
Fire: a) +0 shortbow
Press: ? - help, Shift-Dir - straight line, f/p - centaur
Aim: a centaur, wielding a +0 shortbow (heavily wounded, 78% to hit)
You shoot an arrow. The arrow barely misses the centaur.
The centaur shoots an arrow.
The arrow hits you.
Fire: a) +0 shortbow
Press: ? - help, Shift-Dir - straight line, f/p - centaur
Aim: a centaur, wielding a +0 shortbow (heavily wounded, 78% to hit)
You shoot an arrow. The arrow hits the centaur!
The centaur is almost dead.
The centaur shoots an arrow.
The arrow hits you!
* * * LOW HITPOINT WARNING * * *
The centaur shoots an arrow.
The arrow completely misses you.
The centaur shoots an arrow.
The arrow hits you!
You die...

.≈≈≈...
≈≈≈≈c).
≈≈≈≈≈c.
##≈≈≈≈≈c.
..≈≈≈≈≈≈.
#.≈≈≈≈≈≈≈
#####..≈≈≈≈≈≈
#..@..#
#.##### #.#
#.≈ #.#
#.#### #.#
#.#... #.#
#.#.## #.#
#.#.# #.#
#.#.# #.#
#.#.#


You could see a centaur.

Vanquished Creatures
  Sigmund (D:4)
  Menkaure (D:6)
  4 black bears
  4 centaurs
  2 phantoms
  3 bullfrogs
  A gnoll sergeant (D:6)
  3 scorpions
  3 necrophages (D:6)
  3 killer bees (D:6)
  3 hounds
  3 orc priests
  Crazy Yiuf (D:4)
  2 gnoll boudas (D:6)
  A jelly (D:6)
  3 iguanas
  An orc wizard (D:5)
  17 gnolls
  4 adders
  An ufetubus (D:5)
  2 worms (D:2)
  3 dart slugs
  7 orcs
  7 ball pythons
  7 endoplasms
  4 giant cockroaches
  3 goblins
  6 hobgoblins
  3 jackals (D:3)
  4 quokkas
  3 bats
  2 frilled lizards
  8 kobolds
  4 rats (D:1)
124 creatures vanquished.

Notes
Turn   | Place    | Note
-------+----------+-------------------------------------------
     0 | D:1      | Crownlay the Spriggan Hunter began the quest for the Orb.
     0 | D:1      | Reached XP level 1. HP: 10/10 MP: 2/2
   561 | D:1      | Reached XP level 2. HP: 14/14 MP: 3/3
  1086 | D:2      | Reached XP level 3. HP: 16/18 MP: 4/4
  1872 | D:3      | Reached XP level 4. HP: 17/22 MP: 5/5
  1922 | D:3      | Noticed a scorpion
  1952 | D:3      | Killed a scorpion
  1953 | D:3      | Reached skill level 5 in Ranged Weapons
  2049 | D:3      | Reached XP level 5. HP: 10/25 MP: 6/6
  2499 | D:4      | Noticed a phantom
  2504 | D:4      | Noticed a black bear
  2605 | D:4      | Killed a phantom
  2606 | D:4      | Reached skill level 6 in Ranged Weapons
  2657 | D:4      | Reached skill level 5 in Stealth
  2665 | D:4      | Reached XP level 6. HP: 12/30 MP: 7/7
  2788 | D:4      | Noticed Sigmund
  2820 | D:4      | Killed Sigmund
  2948 | D:4      | Reached skill level 7 in Ranged Weapons
  2995 | D:4      | Reached XP level 7. HP: 33/33 MP: 8/8
  3271 | D:4      | Found a runed translucent door.
  3272 | D:4      | Noticed Crazy Yiuf
  3287 | D:4      | Killed Crazy Yiuf
  3358 | D:5      | Entered Level 5 of the Dungeon
  3490 | D:5      | Reached skill level 8 in Ranged Weapons
  3574 | D:5      | Reached XP level 8. HP: 39/39 MP: 9/9
  3752 | D:5      | Found an ancient bone altar of Kikubaaqudgha.
  3754 | D:5      | Found a sacrificial altar of Ru.
  3754 | D:5      | Found a bloodstained altar of Trog.
  4110 | D:6      | Noticed Menkaure
  4135 | D:6      | Killed Menkaure
  4283 | D:6      | Reached skill level 9 in Ranged Weapons
  4375 | D:6      | Found a glowing silver altar of Zin.
  4842 | D:6      | Reached XP level 9. HP: 45/45 MP: 10/10
  4943 | D:6      | Reached skill level 10 in Ranged Weapons
  5337 | D:7      | Shot with an arrow by a centaur

Illustrated notes

Levels and vault maps discovered:
D:1:      saegor_arrival_simple_c, layout_basic, chequers_serial_rivers_large_b,
          skrybe_limestone_x, minmay_misc_feat_cross
D:2:      layout_loops_corners
D:3:      layout_basic, st_stairs_9, ebering_dispersal_statue_hall
D:4:      layout_cave_pools, uniq_sigmund, uniq_crazy_yiuf_cottage
D:5:      layout_gridville, chequers_temple_overflow_statue_of_worship
D:6:      layout_loops_ring, amcnicky_altar_gilded,
          chequers_serial_rivers_marsh, uniq_menkaure
D:7:      layout_loops_ring, minmay_temple_entry_poolview, centaur_isle

Skill      XL: |  1  2  3  4  5  6  7  8  9 |
---------------+----------------------------+-----
Stealth        | 2 3 4 5 6 7 9 |  9.0
Dodging        | 3 4 |  4.0
Ranged Weapons | 5 6 7 8 9 10 | 10.9
Fighting       | 2 3 4 |  4.0

Action                     |  1- 3 |  4- 6 |  7- 9 || total
---------------------------+-------+-------+-------++-------
  Melee: Trident           |       |       |     9 ||     9
   Fire: Shortbow          |    98 |   110 |   253 ||   461
  Evoke: Wand              |       |       |     3 ||     3
    Use: Scroll            |     3 |       |     4 ||     7
         Potion            |       |       |     1 ||     1
 Armour: Robe              |     3 |     4 |    11 ||    18
  Dodge: Dodged            |    26 |    29 |   130 ||   185
  Block: Other             |       |     5 |    44 ||    49
         Reflection        |       |       |     8 ||     8

Table legend: (Time is in decaauts)
 A = Elapsed time spent in this place.
 B = Non-inter-level travel time spent in this place.
 C = Inter-level travel time spent in this place.
 D = Time resting spent in this place.
 E = Time spent auto-exploring this place.
 F = Levels seen in this place.
 G = Mean time per level.
                   A        B        C        D        E       F      G
               +--------+--------+--------+--------+--------+-----+--------+
         Total |   3826 |   3702 |    124 |      9 |   2850 |   7 |  546.6 |
       Dungeon |   3826 |   3702 |    124 |      9 |   2850 |   7 |  546.6 |
               +--------+--------+--------+--------+--------+-----+--------+

Top non-repeatable levels by time:
     D:6: 783 daAuts
     D:2: 608 daAuts
     D:3: 607 daAuts
     D:4: 593 daAuts
     D:1: 557 daAuts
     D:5: 504 daAuts
     D:7: 172 daAuts
